 Dungeon Sprint DCSS version 0.17-a0-1718-g72dbe4d (webtiles) character file.

894 ztt the Skirmisher (level 7, -8/78 HPs)
             Began as a Troll Fighter on Aug 26, 2015.
             Was a Priest of Makhleb.
             Mangled by a manticore (25 damage)
             ... in the Dungeon (Sprint IX: "|||||||||||||||||||||||||||||").
             The game lasted 00:01:41 (286 turns).

ztt the Skirmisher (Troll Fighter)                   Turns: 286, Time: 00:01:41

Health: -8/78      AC:  5    Str: 30    XL:     7   Next: 78%
Magic:  6/6        EV: 11    Int:  7    God:    Makhleb [***...]
Gold:   0          SH: 11    Dex:  9    Spells: 0 memorised, 6 levels left

rFire  . . .     SeeInvis .       - Unarmed
rCold  . . .     Clarity  .     a - +0 robe
rNeg   . . .     SustAt   .     b - +0 shield
rPois  .         Gourm    +     (helmet restricted)
rElec  .         Spirit   .     (no cloak)
rCorr  .         Warding  .     (gloves unavailable)
rMut   .         NoTele   +     (boots unavailable)
MR     .....                    (no amulet)
Stlth  +.........               q - +3 ring of strength
                                p - +3 ring of intelligence

@: lethally poisoned (-8 -> -11), not resistant to hostile enchantments, very
unstealthy
A: unfitting armour, claws 3, fast metabolism 3, gourmand, regeneration 2,
shaggy fur 1, tough skin 2
a: Minor Destruction, Lesser Servant of Makhleb, Renounce Religion


You were in the Dungeon.
You worshipped Makhleb.
Makhleb was most pleased with you.
You were hungry.

You visited 1 branch

Inventory:

Hand weapons
 f - a +0 giant spiked club
 o - a +2 morningstar of protection
Armour
 a - a +0 robe (worn)
 b - a +0 shield (worn)
Jewellery
 p - a +3 ring of intelligence (left claw)
 q - a +3 ring of strength (right claw)
Magical devices
 n - a wand of fire (7)
Scrolls
 j - 2 scrolls of blinking
 l - 3 scrolls of remove curse
 m - 2 scrolls of amnesia
Potions
 c - a potion of might
 e - 5 potions of curing
 g - a potion of haste
 h - 4 potions of magic
 i - a potion of invisibility
 k - 2 potions of heal wounds
Comestibles
 d - 2 bread rations


   Skills:
 + Level 7.4 Fighting
 * Level 5.9 Maces & Flails
 + Level 7.4 Dodging
 + Level 7.2 Shields
 + Level 7.1 Unarmed Combat


You had 6 spell levels left.
You didn't know any spells.

Dungeon Overview and Level Annotations

Branches:
Dungeon (1/1)

Altars:
Cheibriados
Dithmenos
Elyvilon
Fedhas
Gozag
Kikubaaqudgha
Makhleb
Nemelex Xobeh
Okawaru
Qazlal
Ru
Sif Muna
Trog
Vehumet
Xom
Yredelemnul
Zin
The Shining One
Beogh
Jiyva
Lugonu


Innate Abilities, Weirdness & Mutations

You are too large for most types of armour.
You have claws for hands.
Your metabolism is lightning-fast.
You like to eat raw meat.
You heal very quickly.
You are covered in fur (AC +1).
You have very tough skin (AC +2).


Message History

Unknown command.
You scratch the manticore.
The manticore is lightly wounded.
You feel sick. You block the manticore's attack. The manticore claws you!
* * * LOW HITPOINT WARNING * * *
You block the manticore's attack.
You scratch the manticore.
The manticore is lightly wounded.
You feel sick.
The manticore bites you but does no damage.
You block the manticore's attack. The manticore claws you.
* * * LOW HITPOINT WARNING * * *
You claw the manticore!
The manticore is heavily wounded.
You feel sick. You block the manticore's attack.
The manticore barely misses you. You block the manticore's attack.
You claw the manticore!
The manticore is severely wounded.
You feel sick. The manticore bites you!!
You die... ▓▓▓▓▓▓▓▓▓▓▓▓▓▓▓▓▓▓▓▓▓▓▓▓ ..|)[[[..)......@HHao..+ ▓▓▓▓▓▓▓▓▓▓▓▓▓▓▓▓▓▓▓▓▓▓▓▓

You could see a griffon, a manticore, a soldier ant and an orc warrior.

Vanquished Creatures
  A two-headed ogre (D)
  A yak (D)
  A deep elf mage (D)
  A hippogriff (D)
  A sky beast (D)
  An ogre (D)
  A giant frog (D)
  An adder skeleton (D)
  An orc (D)
  A bat (D)
  A bat skeleton (D)
  A bat zombie (D)
  A kobold (D)
  A quokka (D)
  A jackal (D)
  A jackal skeleton (D)
  2 rats (D)
18 creatures vanquished.

Notes
Turn   | Place    | Note
--------------------------------------------------------------
     0 | D        | ztt the Troll Fighter began the quest for the Orb.
     0 | D        | Reached XP level 1. HP: 22/22 MP: 0/0
     4 | D        | Banished a spatial maelstrom
    19 | D        | Noticed an ogre
    22 | D        | Reached skill level 3 in Fighting
    25 | D        | Reached XP level 2. HP: 31/31 MP: 1/1
    31 | D        | HP: 1/31 [ogre/giant spiked club (30)]
    37 | D        | Killed an ogre
    37 | D        | Reached skill level 4 in Fighting
    37 | D        | Reached XP level 3. HP: 3/40 MP: 2/2
    37 | D        | Reached XP level 4. HP: 3/49 MP: 3/3
   116 | D        | Found a glowing silver altar of Zin.
   116 | D        | Found a glowing golden altar of the Shining One.
   116 | D        | Found an ancient bone altar of Kikubaaqudgha.
   116 | D        | Found a basalt altar of Yredelemnul.
   116 | D        | Found a shimmering altar of Xom.
   116 | D        | Found a radiant altar of Vehumet.
   117 | D        | Found an iron altar of Okawaru.
   118 | D        | Found a burning altar of Makhleb.
   119 | D        | Found a deep blue altar of Sif Muna.
   120 | D        | Found a bloodstained altar of Trog.
   121 | D        | Found a sparkling altar of Nemelex Xobeh.
   122 | D        | Found a white marble altar of Elyvilon.
   123 | D        | Found a roughly hewn altar of Beogh.
   124 | D        | Found a viscous altar of Jiyva.
   125 | D        | Found a corrupted altar of Lugonu.
   126 | D        | Found a blossoming altar of Fedhas.
   127 | D        | Found a snail-covered altar of Cheibriados.
   128 | D        | Found a shadowy altar of Dithmenos.
   129 | D        | Found a stormy altar of Qazlal.
   134 | D        | Became a worshipper of Makhleb the Destroyer
   139 | D        | Found an opulent altar of Gozag.
   140 | D        | Found a sacrificial altar of Ru.
   167 | D        | Noticed a two-headed ogre
   167 | D        | Noticed a yak
   167 | D        | Noticed a sky beast
   167 | D        | Noticed a hippogriff
   167 | D        | Noticed a giant frog
   172 | D        | Killed a two-headed ogre
   172 | D        | Reached skill level 5 in Fighting
   172 | D        | Reached skill level 5 in Dodging
   172 | D        | Reached skill level 5 in Shields
   172 | D        | Reached skill level 5 in Unarmed Combat
   172 | D        | Reached XP level 5. HP: 37/59 MP: 4/4
   172 | D        | Reached XP level 6. HP: 42/67 MP: 5/5
   179 | D        | Killed a yak
   179 | D        | Acquired Makhleb's first power
   179 | D        | Reached skill level 6 in Fighting
   186 | D        | Killed a sky beast
   186 | D        | Reached XP level 7. HP: 20/76 MP: 6/6
   190 | D        | Killed a hippogriff
   190 | D        | Reached skill level 7 in Fighting
   190 | D        | Reached skill level 5 in Maces & Flails
   193 | D        | Acquired Makhleb's second power
   196 | D        | Killed a giant frog
   267 | D        | Noticed a deep elf mage
   267 | D        | Noticed a manticore
   267 | D        | Noticed a soldier ant
   267 | D        | Noticed an orc warrior
   267 | D        | Noticed a griffon
   282 | D        | Killed a deep elf mage
   282 | D        | Acquired Makhleb's third power
   286 | D        | Mangled by a manticore

Vault maps used:
D:        linesprint

Action                   |  1- 3 |  4- 6 |  7- 9 || total
-------------------------+-------+-------+-------++-------
Melee: Unarmed           |    24 |    19 |    28 ||    71
  Use: Potion            |     2 |       |       ||     2
